 Dungeon Crawl Stone Soup version 0.28.0-53-g5a82cb258f (webtiles) character file.

Game seed: 4203263080669046987

647 cbfl8 the Skirmisher (level 7, -2/54 HPs)
             Began as a Demonspawn Berserker on July 18, 2022.
             Was a Believer of Trog.
             Succumbed to a gnoll sergeant zombie's poison
             ... on level 5 of the Dungeon.
             The game lasted 00:05:26 (5594 turns).

cbfl8 the Skirmisher (Demonspawn Berserker)         Turns: 5594, Time: 00:05:27

Health: -2/54      AC: 11    Str: 18    XL:     7   Next: 27%
Magic:  7/7        EV:  8    Int:  8    God:    Trog [**....]
Gold:   196        SH:  0    Dex: 14    Spells: 6/6 levels left

rFire   + . .      SeeInvis .   r - +0 war axe
rCold   + . .      Faith    .   (no shield)
rNeg    . . .      Spirit   .   u - +0 chain mail
rPois   +          Reflect  .   p - +0 helmet
rElec   +          Harm     .   (no cloak)
rCorr   +          Rampage  .   A - +0 pair of gloves
Will    ++...                   (no boots)
Stlth   ..........              (no amulet)
HPRegen 1.18/turn               m - ring of resist corrosion
MPRegen 0.10/turn               (no ring)

@: lethally poisoned (-2 -> -29), resistant, strong-willed (expiring), on
berserk cooldown, regenerating (expiring), slowed, very slow
A: claws 2, foul stench 1
a: Renounce Religion, Berserk, Trog's Hand


You were on level 5 of the Dungeon.
You worshipped Trog.
Trog was pleased with you.
You visited 1 branch of the dungeon, and saw 5 of its levels.

You collected 196 gold pieces.

Inventory:

Hand Weapons
 a - a +0 hand axe
 g - a +2 short sword of venom
 r - a +0 war axe (weapon)
Armour
 b - a +0 animal skin
 e - a +0 ring mail
 i - a +0 scale mail
 p - a +0 helmet (worn)
 u - a +0 chain mail (worn)
 A - a +0 pair of gloves (worn)
Jewellery
 m - a ring of resist corrosion (left hand)
 q - an amulet of magic regeneration
 y - a ring of willpower
Scrolls
 f - 5 scrolls of magic mapping
 k - a scroll of amnesia
 l - a scroll of brand weapon
 n - a scroll of vulnerability
 s - a scroll of enchant armour
 w - a scroll of teleportation
Potions
 d - a potion of heal wounds {unknown}
 h - a potion of flight {unknown}
 j - 2 potions of invisibility
 o - a potion of haste {unknown}
 t - a potion of mutation
 v - a potion of brilliance {unknown}
 x - a potion of curing {unknown}
 z - a potion of attraction {unknown}


   Skills:
 + Level 4.1 Fighting
 + Level 3.5 Short Blades
 + Level 3.9 Axes
 + Level 4.0 Armour
 + Level 3.0 Dodging
 + Level 1.0 Stealth


You had 6 spell levels left.
You didn't know any spells.
Your spell library was empty.

Dungeon Overview and Level Annotations

Branches:
Dungeon (5/15)
 Temple: D:4-7

Altars:
Sif Muna

Shops:
D:1 !   D:3 (   D:5 *

Annotations:
D:5 1 transporter


Innate Abilities, Weirdness & Mutations

You have very sharp fingernails.
You may rarely emit foul miasma when damaged in melee.


Message History

You destroy the ogre zombie!
Trog accepts your kill.
You closely miss the orc warrior zombie.
You feel the effects of Trog's Hand fading.
You feel very sick.
The orc warrior zombie hits you but does no damage.
You are more poisoned.
Your Armour skill increases to level 4!
You slash the orc warrior zombie!
The orc warrior zombie is moderately damaged.
You feel very sick.
The gnoll sergeant zombie hits you from afar with a +0 trident of venom.
You are more poisoned.
Unknown command.
You slice the orc warrior zombie!!
You destroy the orc warrior zombie!
Trog accepts your kill.
You feel extremely sick.
The gnoll sergeant zombie hits you from afar with a +0 trident of venom.
You are more poisoned.
Unknown command.
You are too injured to fight recklessly!
Unknown command.
You are too injured to fight recklessly!
You feel very sick.
You feel a strong urge to attack something.
* * * LOW HITPOINT WARNING * * *
You feel very sick.
Okay, then.
You are too berserk!
You are no longer berserk.
You are exhausted.
You feel yourself slow down.
* * * LOW HITPOINT WARNING * * *
You feel very sick.
The gnoll sergeant zombie hits you from afar with a +0 trident of venom.
* * * LOW HITPOINT WARNING * * *
You are more poisoned.
You feel protected.
You die...

...........###########.#
...#.#######°☼☼!©?○°°#.#
..##.# #○°☼$)$°○○#.#
#.##.# #☼○○...°☼☼#.#
#..).# #°°○°☼○°°°#.#
#..### #.○○°☼○°°.###
#....### ####Z°☼####
#.##...######☼°...°°#
#.####.....##°°#@#○○#
..########..#°°...°°#
.......####.#°°#©#○°#
######.....##°☼○☼°☼☼# #
#####..#°○○°☼.°# #
##.######### #
#.....©..# # ####.....#
#...###


You could see a gnoll sergeant zombie.

Vanquished Creatures
  An ogre (D:5)
  A necrophage (D:5)
  A centaur (D:5)
  2 scorpions (D:4)
  A jelly (D:5)
  An iguana (D:4)
  An orc wizard (D:4)
  An ogre zombie (D:5)
  A hound skeleton (D:5)
  4 gnolls (D:2)
  5 adders
  An orc zombie (D:5)
  An ufetubus (D:4)
  A worm (D:2)
  2 dart slugs
  6 orcs
  3 endoplasms
  4 giant cockroaches
  8 goblins
  3 hobgoblins
  3 jackals (D:3)
  4 quokkas
  4 ball pythons
  4 bats
  5 kobolds
  4 rats
72 creatures vanquished.

Notes
Turn   | Place    | Note
-------+----------+-------------------------------------------
     0 | D:1      | cbfl8 the Demonspawn Berserker began the quest for the Orb.
     0 | D:1      | Reached XP level 1. HP: 18/18 MP: 1/1
   105 | D:1      | Found Canod's Distillery.
   530 | D:1      | Gained mutation: You may rarely emit foul miasma when
                  | damaged in melee. [demonic ancestry]
   530 | D:1      | Reached XP level 2. HP: 4/24 MP: 2/2
  1630 | D:2      | Reached XP level 3. HP: 11/29 MP: 3/3
  2131 | D:2      | Found a faded altar of an unknown god.
  2282 | D:2      | Gained mutation: You have sharp fingernails. [demonic
                  | ancestry]
  2282 | D:2      | Reached XP level 4. HP: 22/35 MP: 4/4
  2944 | D:3      | Reached ** piety under Trog
  3154 | D:3      | Found Sotoshyq's Weapon Shoppe.
  3596 | D:4      | Reached skill level 1 in Short Blades
  3601 | D:4      | Reached XP level 5. HP: 29/42 MP: 5/5
  4213 | D:4      | Found a shimmering blue altar of Sif Muna.
  4639 | D:4      | Reached XP level 6. HP: 39/48 MP: 6/6
  4758 | D:5      | Entered Level 5 of the Dungeon
  5017 | D:5      | Found Zehivuax's General Store.
  5119 | D:5      | Reached skill level 1 in Stealth
  5119 | D:5      | Gained mutation: You have very sharp fingernails. [demonic
                  | ancestry]
  5119 | D:5      | Reached XP level 7. HP: 44/54 MP: 7/7
  5358 | D:5      | Found a transporter.
  5393 | D:5      | Found a transporter.
  5594 | D:5      | Succumbed to a gnoll sergeant zombie's poison

Illustrated notes

Levels and vault maps discovered:
D:1:      dpeg_arrival_shrine, layout_rooms, serial_shops, shop_fountains
D:2:      layout_basic, hellmonk_ecumenical_altar_inner_sanctum
D:3:      layout_basic, serial_shops, nicolae_square_shop
D:4:      layout_loops_ring, lemuel_coloured_pillars_altar
D:5:      gammafunk_cloud_chamber, layout_rooms, serial_shops,
          nicolae_shop_behind_doors

Skill      XL: |  1  2  3  4  5  6  7 |
---------------+----------------------+-----
Axes           | 3 |  3.9
Dodging        | 2 3 |  3.0
Armour         | 2 3 4 |  4.0
Short Blades   | 1 2 3 |  3.5
Fighting       | 4 |  4.1
Stealth        | 1 |  1.0

Action                   |  1- 3 |  4- 6 |  7- 9 || total
-------------------------+-------+-------+-------++-------
Melee: Hand axe          |    94 |     4 |       ||    98
       Short sword       |       |   110 |       ||   110
       Punch             |       |     3 |       ||     3
       War axe           |       |    27 |    22 ||    49
Invok: Berserk           |     2 |     2 |     1 ||     5
       Trog's Hand       |       |     2 |     1 ||     3
  Use: Scroll            |       |       |     8 ||     8
       Potion            |       |       |     1 ||     1
 Stab: Sleeping          |     1 |       |       ||     1
Armor: Animal skin       |    19 |       |       ||    19
       Ring mail         |     8 |     5 |       ||    13
       Scale mail        |       |    46 |       ||    46
       Chain mail        |       |     7 |    10 ||    17
Dodge: Dodged            |    80 |    99 |    14 ||   193
